 Dungeon Crawl Stone Soup version 0.17-a0-1849-g8a24fa2 (webtiles) character file.

38 Sixotanaka the Stinger (level 3, 0/26 HPs)
             Began as a Demigod Venom Mage on Sept 18, 2015.
             Slain by a hound (4 damage)
             ... on level 2 of the Dungeon.
             The game lasted 00:04:23 (1441 turns).

Sixotanaka the Stinger (Demigod Venom Mage)         Turns: 1441, Time: 00:04:23

Health: 0/26       AC:  2    Str: 13    XL:     3   Next: 10%
Magic:  5/8        EV: 12    Int: 19    God:
Gold:   73         SH:  0    Dex: 16    Spells: 1 memorised, 4 levels left

rFire  . . .     SeeInvis .     j - +0 mace
rCold  . . .     Clarity  .     a - +0 robe
rNeg   . . .     SustAt   +     (no shield)
rPois  .         Gourm    .     (no helmet)
rElec  .         Spirit   .     (no cloak)
rCorr  .         Warding  .     (no gloves)
rMut   .         Stasis   .     (no boots)
MR     .....                    (no amulet)
Stlth  ++........               (no ring)
                                q - +2 ring of slaying

@: very slightly contaminated, not resistant to hostile enchantments, unstealthy
A: high mp 1, sustain attributes
a: no special abilities


You were on level 2 of the Dungeon.
You were not hungry.

You visited 1 branch of the dungeon, and saw 2 of its levels.

You collected 73 gold pieces.


Innate Abilities, Weirdness & Mutations

You have an increased reservoir of magic (+10% MP).
Your attributes are resistant to harm.


   Skills:
 - Level 1.7 Dodging
 - Level 1.7 Stealth
 - Level 1.7 Spellcasting
 + Level 2.6 Conjurations
 - Level 3.6 Poison Magic


You had 4 spell levels left.
You knew the following spells:

 Your Spells              Type           Power        Failure   Level  Hunger
z - Sting                 Conj/Pois      ##..         6%          1    #......


Dungeon Overview and Level Annotations

Branches:
Dungeon (2/15)

Inventory:

Hand weapons
 j - a +0 mace (weapon)
Missiles
 k - 59 stones (quivered)
 m - 6 tomahawks of returning
Armour
 a - a +0 robe (worn)
Jewellery
 q - a +2 ring of slaying (left hand)
Scrolls
 e - a scroll of magic mapping {unknown}
 g - a scroll of remove curse {unknown}
 l - a scroll of enchant armour {unknown}
 p - a scroll of enchant weapon {unknown}
Potions
 d - 2 potions of curing {unknown}
 h - a potion of cure mutation {unknown}
 i - a potion of lignification {unknown}
 n - 2 potions of haste {unknown}
 o - 2 potions of agility {unknown}
Books
 b - a Young Poisoner's Handbook
Comestibles
 c - a bread ration
 f - 2 chunks of flesh

.###............#
.....#..........#
.....#..........#
................#
......##........#
......##........#
......##......gS#
########......#h##########
#......#.@........#
#......##########.#
#......# #.# ######## #.#
#.# #.# ### #.# #<# #.#
#.# ##########.# #.#


You could see a hound, an adder and a goblin.


Message History

You start resting.
Eating a chunk of flesh.
You continue eating. x2
Found a notched sapphire ring.
A hobgoblin comes into view.
A hobgoblin is nearby!
Casting: Sting
Aiming: Sting
Aim: a hobgoblin (resting)
The sting hits the hobgoblin.
The hobgoblin is poisoned.
The hobgoblin shouts!
Casting: Sting
Aiming: Sting
Aim: a hobgoblin (heavily wounded, poisoned)
The sting hits the hobgoblin.
You kill the hobgoblin!
You see here a goblin corpse.
You butcher the goblin corpse.
f - a chunk of flesh You start resting.
q - a notched sapphire ring Put on which piece of jewellery? (? for menu, Esc to quit)
q - a +2 ring of slaying (left hand)
You see here a hobgoblin corpse.
You butcher the hobgoblin corpse.
f - 2 chunks of flesh (gained 1)
Found 3 scrolls labeled LUMIFO DI NARI.
A hound comes into view.
Found a burning altar of Makhleb.
A hound is nearby!
A goblin comes into view.
Casting: Sting
Aiming: Sting
Aim: a hound (resting)
The sting hits the hound.
The hound is poisoned.
The hound barks!
Casting: Sting
Aiming: Sting
Aim: a hound (moderately wounded, poisoned)
You miscast Sting.
You are very lightly contaminated with residual magic.
Nothing appears to happen.
The goblin shouts!
An adder comes into view.
Casting: Sting
Aiming: Sting
Aim: a hound (moderately wounded, poisoned)
The sting misses the hound.
The hound barely misses you.
The hound looks more healthy.
The hound bites you. The hound bites you. The hound closely misses you.
The hound bites you.
* * * LOW HITPOINT WARNING * * *
The hound closely misses you. The hound bites you.
* * * LOW HITPOINT WARNING * * *
The hound bites you.
* * * LOW HITPOINT WARNING * * *
Casting: Sting
Aiming: Sting
Aim: an adder The sting hits the hound.
The hound appears unharmed.
The hound bites you but does no damage.
Casting: Sting
Aiming: Sting
Aim: an adder The sting hits the hound.
The hound is poisoned.
The hound bites you.
* * * LOW HITPOINT WARNING * * *
The hound bites you.
You die...

Action                   || total
-------------------------++-------
Melee: Mace              ||     7
 Cast: Sting             ||    79
  Eat: Chunk             ||     3

Vault maps used:
D:1:      lemuel_arrival_room, serial_bayou_ford_a
D:2:      lightli_temple_of_fire, makhleb_heckhound_becter, uniq_iyjb

Notes
Turn   | Place    | Note
--------------------------------------------------------------
     0 | D:1      | Sixotanaka the Demigod Venom Mage began the quest for the Orb.
     0 | D:1      | Reached XP level 1. HP: 14/14 MP: 5/5
   115 | D:1      | Reached skill level 1 in Conjurations
   314 | D:1      | Reached XP level 2. HP: 20/20 MP: 0/7
   517 | D:1      | Reached skill level 2 in Conjurations
  1248 | D:1      | Reached XP level 3. HP: 26/26 MP: 6/8
  1419 | D:2      | Found a burning altar of Makhleb.
  1441 | D:2      | HP: 4/26 [hound (4)]
  1441 | D:2      | Slain by a hound

Vanquished Creatures
  3 ball pythons
  9 bats
  6 giant cockroaches (D:1)
  2 hobgoblins
  3 jackals (D:1)
  2 giant newts (D:1)
  6 goblins
  3 kobolds (D:1)
  3 rats (D:1)
37 creatures vanquished.
